Map: [ESL] Equilibrium

Players

Cure

  • Race: Terran Terran
  • Spawn Location: 1:00

herO - Winner!

  • Race: Protoss Protoss
  • Spawn Location: 11:00

Event: IEM Katowice 2024

VOD

Have the link to the VOD?

Description

Time

  • Played on: Feb. 10, 2024, 3:25 p.m.
  • Length: 10:44

All games in this series

Show
View Real Time Build Order
Export as new Build Order

Cure Terran 

Build Orders: Cyclone Opening 

Get SALT Encoding   

  12  0:00  SCV  
  13  0:12  SCV  
  14  0:17  Supply Depot  
  14  0:24  SCV  
  14  0:27  Refinery  
  15  0:38  SCV  
  16  0:44  Barracks  
  16  0:51  SCV  
  17  1:03  SCV  
  18  1:07  Engineering Bay  
  18  1:15  SCV  
  19  1:31  Marine  
  19  1:32  Orbital Command  
  20  1:36  Factory  
  20  1:46  Supply Depot  
  20  1:50  Barracks Reactor  
  20  1:58  SCV  
  21  2:10  SCV  
  21  2:11  Bunker  
  22  2:20  Cyclone  
  24  2:22  SCV  
  24  2:23  Refinery  
  24  2:26  Marine x2  
  27  2:30  Supply Depot  
  27  2:35  SCV  
  28  2:43  Starport  
  28  2:47  SCV  
  28  2:49  Marine  
  28  2:50  Marine  
  31  2:59  Cyclone  
  31  3:01  SCV  
  34  3:09  Marine  
  34  3:10  Supply Depot  
  34  3:14  Marine  
  34  3:16  SCV  
  34  3:19  Medivac  
  38  3:28  SCV  
  38  3:31  Marine  
  38  3:32  Cyclone, Marine  
  43  3:39  Supply Depot  
  43  3:43  SCV  
  43  3:47  Supply Depot  
  44  3:49  Marine  
  44  3:50  Marine  
  46  4:00  Liberator  
  49  4:03  SCV  
  49  4:07  Marine  
  49  4:08  Marine  
  52  4:12  Cyclone  
  52  4:15  SCV  
  55  4:25  Marine  
  55  4:26  Marine  
  57  4:42  Command Center, Marine  
  57  4:44  Marine  
  58  4:51  Factory Tech Lab  
  58  4:52  SCV  
  59  5:00  Starport Tech Lab, Marine  
  59  5:01  Marine  
  59  5:04  SCV  
  61  5:15  Supply Depot  
  61  5:16  Siege Tank, SCV  
  61  5:21  Raven  
  67  5:27  Marine x2  
  69  5:28  SCV  
  70  5:40  SCV  
  68  5:50  Marine  
  68  5:51  Marine  
  68  5:57  Siege Tank  
  73  5:58  Orbital Command  
  73  6:02  SCV  
  74  6:09  Marine x2  
  73  6:18  SCV  
  73  6:19  Barracks  
  73  6:21  Barracks  
  74  6:27  Liberator  
  77  6:33  Marine x2  
  77  6:35  SCV x2  
  84  6:40  Siege Tank  
  71  6:47  SCV x2  
  71  6:50  Marine x2  
  62  6:56  Bunker  
  62  6:59  SCV  
  61  7:01  Engineering Bay  
  61  7:05  SCV  
  61  7:07  Marauder  
  62  7:08  Stimpack  
  62  7:11  SCV  
  62  7:12  Marine x2  
  62  7:14  Marine  
  66  7:19  Siege Tank  
  69  7:28  SCV x2  
  71  7:30  Refinery  
  71  7:31  Marine x3, Supply Depot, Refinery  
  71  7:36  Marine  
  75  7:43  Starport Reactor  
  75  7:44  Barracks  
  75  7:45  SCV  
  75  7:46  Terran Infantry Weapons Level 1, SCV  
  75  7:47  Barracks  
  77  7:52  Marine x2  
  77  7:56  Marine  
  77  7:59  SCV x2  
  77  8:04  Command Center  
  78  8:13  SCV x2  
  78  8:14  Combat Shield, Command Center  
  78  8:15  Factory Reactor  
  80  8:20  Medivac  
  80  8:24  Missile Turret  
  82  8:27  Marauder x2, Marine x2  
  82  8:30  SCV x2  
  82  8:32  Barracks Tech Lab  
  82  8:33  Barracks Reactor  
  90  8:37  Missile Turret  
  90  8:42  SCV x2  
  90  8:47  Medivac  
  94  8:50  Medivac  
  94  8:55  Marauder x2, Supply Depot  
  100  8:57  Supply Depot  
  100  8:58  Marauder  
  100  9:02  Concussive Shells  
  102  9:12  Supply Depot  
  102  9:16  Marine x2  
  106  9:17  SCV x2  
  106  9:24  Marauder x3, Marine x2  
  109  9:25  Medivac  
  109  9:29  SCV x2  
  117  9:34  Marine x2  
  119  9:40  Ghost Academy  
  119  9:41  SCV x2  
  121  9:47  Orbital Command  
  121  9:48  Marauder x3  
  125  10:02  Marine x4  
  125  10:05  Medivac x2, Widow Mine x2  
  136  10:09  Supply Depot, Marauder x2  
  140  10:15  SCV  
  141  10:25  SCV  
Show
View Real Time Build Order
Export as new Build Order

herO Protoss - Winner!

Build Orders: Oracle Opening 

Get SALT Encoding   

  12  0:00  Probe  
  13  0:12  Probe  
  14  0:17  Pylon  
  14  0:24  Probe  
  15  0:35  Gateway  
  15  0:36  Probe (Chrono Boost)  
  15  0:41  Assimilator  
  16  0:48  Probe (Chrono Boost)  
  17  0:53  Probe (Chrono Boost)  
  17  0:55  Assimilator  
  18  1:01  Pylon  
  18  1:03  Probe  
  19  1:15  Probe  
  20  1:23  Cybernetics Core  
  22  1:27  Probe  
  23  1:39  Probe  
  24  1:51  Probe  
  23  1:56  Adept (Chrono Boost)  
  23  2:01  Stargate  
  25  2:11  Nexus  
  25  2:18  Adept  
  27  2:22  Pylon  
  27  2:26  Probe  
  28  2:30  Warp Gate  
  28  2:38  Probe  
  28  2:41  Oracle (Chrono Boost)  
  32  2:52  Shield Battery, Probe  
  31  3:08  Probe  
  31  3:11  Oracle (Chrono Boost)  
  35  3:20  Probe  
  35  3:26  Gateway  
  36  3:27  Gateway  
  36  3:28  Probe  
  37  3:35  Unknown  
  37  3:38  Probe  
  37  3:40  Probe  
  39  3:47  Oracle  
  42  3:50  Probe  
  42  3:52  Probe  
  44  4:00  Twilight Council  
  44  4:05  Shield Battery, Probe x2  
  44  4:06  Pylon  
  46  4:17  Probe x2  
  48  4:20  Stalker x2  
  50  4:28  Stalker  
  50  4:30  Phoenix (Chrono Boost)  
  54  4:39  Pylon, Probe  
  55  4:45  Stalker x2  
  55  4:50  Blink (Chrono Boost)  
  55  4:51  Stalker  
  61  5:05  Probe x2  
  61  5:06  Pylon x2  
  63  5:14  Stalker x3  
  68  5:34  Nexus  
  68  5:35  Pylon  
  68  5:38  Forge  
  68  5:47  Probe x2  
  70  5:51  Stalker x3  
  76  5:59  Probe x2  
  76  6:03  Pylon  
  78  6:06  Gateway  
  78  6:11  Probe  
  78  6:12  Probe  
  78  6:13  Protoss Ground Weapons Level 1  
  78  6:16  Robotics Facility  
  78  6:18  Shield Battery  
  80  6:23  Stalker  
  80  6:24  Stalker  
  84  6:26  Stalker  
  84  6:29  Charge (Chrono Boost)  
  87  6:32  Probe  
  87  6:33  Probe  
  86  6:44  Probe  
  86  6:45  Probe  
  78  6:47  Probe  
  73  6:57  Probe x2  
  73  6:59  Stalker x3, Probe  
  82  7:05  Observer, Gateway  
  82  7:07  Gateway x2  
  83  7:09  Probe  
  83  7:12  Robotics Bay  
  83  7:13  Robotics Facility  
  83  7:15  Probe  
  85  7:16  Probe  
  86  7:24  Probe  
  86  7:26  Assimilator  
  86  7:27  Probe  
  86  7:28  Sentry x3  
  86  7:29  Probe  
  95  7:33  Stalker  
  97  7:37  Pylon  
  97  7:38  Observer  
  97  7:39  Probe  
  97  7:41  Pylon, Probe  
  101  7:48  Probe  
  102  8:00  Colossus (Chrono Boost)  
  102  8:01  Nexus  
  102  8:04  Extended Thermal Lance  
  106  8:14  Photon Cannon  
  106  8:16  Colossus (Chrono Boost)  
  106  8:18  Probe x3  
  115  8:20  Pylon  
  115  8:24  Photon Cannon  
  115  8:28  Shield Battery  
  115  8:30  Probe  
  115  8:31  Probe  
  115  8:32  Probe  
  118  8:39  Protoss Ground Weapons Level 2 (Chrono Boost)  
  118  8:44  Colossus (Chrono Boost)  
  118  8:46  Probe x3  
  127  8:58  Assimilator, Probe x3  
  127  8:59  Colossus (Chrono Boost)  
  127  9:02  Assimilator  
  136  9:06  Photon Cannon  
  136  9:07  Zealot x2  
  136  9:08  Pylon  
  140  9:11  Pylon  
  140  9:12  Photon Cannon  
  136  9:26  Immortal (Chrono Boost)  
  136  9:30  Gateway  
  140  9:36  Gateway  
  140  9:39  Gateway, Immortal (Chrono Boost)  
  140  9:40  Templar Archives  
  140  9:41  Zealot x2  
  148  9:47  Zealot x2  
  152  9:53  Pylon  
  152  9:57  Warp Prism (Chrono Boost)  
  154  10:05  Zealot x5  
  164  10:07  Zealot x2  
  168  10:15  Pylon  
  168  10:16  Shield Battery  
  148  10:37  Zealot x10  

Tags
 
Add a new tag
Caveats
  • Supply blocks, unpowered buildings, or Contaminate may cause inaccurate times.
  • Supply counts are checked every 10 seconds.